Map: Galactic Process LE

Players

Zest - Winner!

  • Race: Protoss Protoss

Neeblet (Neeb)

  • Race: Protoss Protoss

Event: 2016 WCS Global Finals

VOD

https://youtu.be/aBMBDDjX_Ug

Description

Time

  • Played on: Oct. 29, 2016, 12:01 p.m.
  • Length: 8:39

All games in this series

Show
View Real Time Build Order
Export as new Build Order

Zest Protoss - Winner!

Build Orders: Zealot Archon 

Get SALT Encoding   

  12  0:01  Probe (Chrono Boost)  
  13  0:11  Probe (Chrono Boost)  
  14  0:17  Pylon  
  14  0:22  Probe (Chrono Boost)  
  15  0:35  Probe (Chrono Boost)  
  16  0:36  Gateway  
  16  0:43  Assimilator  
  16  0:46  Probe (Chrono Boost)  
  17  0:56  Probe (Chrono Boost)  
  18  0:58  Assimilator  
  18  1:04  Gateway  
  18  1:07  Probe (Chrono Boost)  
  19  1:18  Probe (Chrono Boost)  
  20  1:23  Cybernetics Core  
  20  1:29  Probe (Chrono Boost)  
  21  1:33  Pylon  
  21  1:39  Probe (Chrono Boost)  
  22  1:48  Warp Gate  
  22  1:50  Probe (Chrono Boost)  
  23  1:59  Adept  
  23  2:00  Adept  
  27  2:06  Mothership Core (Chrono Boost)  
  29  2:10  Pylon  
  29  2:26  Stalker  
  29  2:28  Stalker  
  33  2:52  Nexus  
  33  2:56  Probe (Chrono Boost)  
  34  3:11  Probe (Chrono Boost)  
  35  3:13  Twilight Council  
  35  3:17  Sentry  
  35  3:23  Probe (Chrono Boost)  
  36  3:33  Robotics Facility, Probe (Chrono Boost)  
  35  3:41  Pylon  
  35  3:44  Pylon  
  35  3:47  Probe (Chrono Boost)  
  36  3:58  Probe (Chrono Boost)  
  37  4:02  Dark Shrine  
  37  4:04  Probe (Chrono Boost)  
  37  4:09  Probe (Chrono Boost)  
  39  4:15  Warp Prism, Probe (Chrono Boost)  
  40  4:20  Probe (Chrono Boost)  
  43  4:25  Adept  
  44  4:33  Probe (Chrono Boost)  
  44  4:35  Probe (Chrono Boost)  
  43  4:44  Probe (Chrono Boost)  
  45  4:47  Probe (Chrono Boost), Sentry  
  45  4:48  Stalker  
  45  4:51  Observer  
  50  4:54  Probe (Chrono Boost)  
  50  4:59  Probe (Chrono Boost)  
  52  5:01  Assimilator  
  52  5:03  Assimilator  
  52  5:05  Probe (Chrono Boost)  
  53  5:11  Probe (Chrono Boost)  
  54  5:15  Pylon  
  54  5:16  Probe (Chrono Boost)  
  54  5:20  Blink  
  55  5:23  Dark Templar x2, Probe (Chrono Boost)  
  55  5:27  Probe (Chrono Boost)  
  61  5:35  Probe (Chrono Boost)  
  62  5:40  Probe (Chrono Boost)  
  63  5:47  Probe (Chrono Boost)  
  64  5:52  Immortal  
  68  6:00  Sentry x2  
  72  6:06  Gateway  
  72  6:07  Gateway  
  72  6:08  Gateway  
  72  6:09  Gateway  
  72  6:13  Gateway  
  72  6:18  Pylon  
  72  6:27  Stalker  
  72  6:29  Nexus  
  72  6:32  Sentry  
  76  6:34  Immortal  
  80  6:49  Pylon  
  80  6:50  Pylon  
  80  6:53  Probe (Chrono Boost), Sentry  
  80  6:54  Probe (Chrono Boost)  
  84  7:08  Stalker x4  
  84  7:13  Immortal, Probe x2 (Chrono Boost)  
  98  7:26  Pylon  
  98  7:36  Archon  
  98  7:40  Stalker x4  
  96  8:04  Stalker x6  
  84  8:28  Stalker x6  
Show
View Real Time Build Order
Export as new Build Order

Neeblet Protoss 

Build Orders: Blink Stalkers 

Get SALT Encoding   

  12  0:00  Probe (Chrono Boost)  
  13  0:11  Probe (Chrono Boost)  
  14  0:17  Pylon  
  14  0:22  Probe (Chrono Boost)  
  16  0:35  Probe (Chrono Boost)  
  16  0:37  Gateway  
  16  0:46  Probe (Chrono Boost)  
  17  0:50  Assimilator  
  17  0:53  Assimilator  
  17  0:57  Probe (Chrono Boost)  
  18  1:06  Gateway  
  18  1:08  Probe (Chrono Boost)  
  20  1:18  Probe (Chrono Boost)  
  20  1:24  Cybernetics Core  
  20  1:29  Probe (Chrono Boost)  
  21  1:35  Pylon  
  21  1:39  Probe (Chrono Boost)  
  22  1:46  Warp Gate  
  22  1:50  Probe (Chrono Boost)  
  23  2:01  Stalker  
  26  2:02  Probe (Chrono Boost)  
  26  2:04  Stalker  
  30  2:16  Mothership Core (Chrono Boost)  
  30  2:17  Pylon  
  30  2:35  Stalker x2  
  34  3:00  Nexus  
  32  3:09  Probe (Chrono Boost)  
  32  3:21  Probe (Chrono Boost)  
  32  3:33  Probe (Chrono Boost)  
  31  3:39  Twilight Council  
  31  3:43  Probe (Chrono Boost)  
  32  3:51  Adept  
  32  3:52  Adept  
  32  3:54  Probe (Chrono Boost)  
  37  3:59  Blink  
  37  4:05  Probe (Chrono Boost)  
  38  4:12  Probe (Chrono Boost)  
  40  4:17  Probe (Chrono Boost)  
  40  4:23  Probe (Chrono Boost)  
  41  4:25  Sentry  
  41  4:29  Probe (Chrono Boost)  
  44  4:33  Probe (Chrono Boost)  
  43  4:41  Robotics Facility, Probe (Chrono Boost)  
  43  4:44  Probe (Chrono Boost)  
  43  4:45  Sentry  
  45  4:50  Pylon  
  46  4:53  Probe (Chrono Boost)  
  46  4:54  Probe (Chrono Boost)  
  47  5:04  Stalker  
  47  5:05  Probe x2 (Chrono Boost)  
  51  5:11  Pylon  
  51  5:15  Probe (Chrono Boost)  
  51  5:18  Probe (Chrono Boost)  
  51  5:20  Assimilator  
  53  5:24  Stalker  
  53  5:26  Observer  
  53  5:27  Probe (Chrono Boost)  
  58  5:30  Probe (Chrono Boost)  
  58  5:38  Assimilator  
  58  5:39  Probe (Chrono Boost)  
  58  5:41  Gateway  
  58  5:42  Probe (Chrono Boost)  
  59  5:44  Observer  
  59  5:51  Probe (Chrono Boost)  
  59  5:54  Probe (Chrono Boost)  
  58  6:03  Probe (Chrono Boost)  
  59  6:06  Observer, Probe (Chrono Boost)  
  61  6:14  Gateway  
  61  6:15  Probe (Chrono Boost)  
  61  6:16  Gateway x2  
  63  6:18  Probe (Chrono Boost)  
  63  6:26  Robotics Bay  
  63  6:28  Probe (Chrono Boost)  
  63  6:31  Immortal, Probe (Chrono Boost)  
  69  6:45  Pylon  
  69  6:46  Probe (Chrono Boost)  
  70  6:57  Pylon  
  70  7:02  Nexus  
  70  7:03  Pylon  
  70  7:05  Probe (Chrono Boost)  
  70  7:08  Disruptor  
  71  7:12  Probe (Chrono Boost)  
  76  7:17  Probe (Chrono Boost)  
  76  7:27  Probe (Chrono Boost)  
  78  7:30  Probe (Chrono Boost)  
  78  7:32  Pylon  
  78  7:35  Adept, Pylon  
  78  7:36  Adept x2  
  84  7:39  Probe (Chrono Boost)  
  84  7:40  Disruptor  
  86  7:44  Pylon  
  82  7:59  Stalker x4  
  82  8:05  Pylon  
  88  8:15  Adept x2  
  90  8:25  Stalker  
  90  8:26  Stalker  
  86  8:29  Stalker x2  
Tags
 
Add a new tag
Caveats
  • Supply blocks, unpowered buildings, or Contaminate may cause inaccurate times.
  • Supply counts are checked every 10 seconds.